 Dungeon Crawl Stone Soup version 0.16-a0-1083-g6a3eec8 (webtiles) character file.

8288 Herrn the Fighter (level 11, -7/72 HPs)
             Began as a Gargoyle Fighter on Oct 5, 2014.
             Was an Elder of Okawaru.
             Mangled by a five-headed hydra (11 damage)
             ... on level 11 of the Dungeon.
             The game lasted 00:39:31 (12118 turns).

Herrn the Fighter (Gargoyle Fighter)               Turns: 12118, Time: 00:39:31

HP  -7/72        AC 24     Str 22      XL: 11   Next: 28%
MP  29/29        EV 10     Int  9      God: Okawaru [****..]
Gold 617         SH 13     Dex 10      Spells:  0 memorised, 10 levels left

rFire  . . .     SeeInvis .     J - +0 whip (flame)
rCold  . . .     Clarity  .     U - +3 scale mail of Dim Light {+Rage rPois}
rNeg   + . .     rCorr    .     c - +0 shield
rPois  +         rRot     +     (no helmet)
rElec  +         Spirit   .     z - +2 cloak {MR+}
SustAb +         Warding  .     (no gloves)
rMut   .         Stasis   .     h - +0 pair of boots
Gourm  .                        (no amulet)
MR     +....                    T - ring of sustain abilities
                                f - ring of magical power

@: heroism, somewhat resistant to hostile enchantments, very unstealthy
A: negative energy resistance 1, electricity resistance, unbreathing,
petrification resistance, rot immunity, AC +7
a: Heroism, Renounce Religion, Evoke Berserk Rage


You were on level 11 of the Dungeon.
You worshipped Okawaru.
Okawaru was greatly pleased with you.
You were not hungry.

You visited 2 branches of the dungeon, and saw 12 of its levels.

You collected 617 gold pieces.

Inventory:

Hand weapons
 a - a +0 war axe
 J - a +0 whip of flaming (weapon)
 P - a +0 hand axe of freezing
 Q - a +1 morningstar of freezing
 V - the +8 long sword of Bodily Harmony {slice, SInv}
   (You found it on level 10 of the Dungeon)

   It inflicts extra damage upon your enemies.
   It enhances your eyesight.
Armour
 c - a +0 shield (worn)
 h - a +0 pair of boots (worn)
 z - a +2 cloak of magic resistance (worn)
 U - the +3 scale mail of Dim Light (worn) {+Rage rPois}
   (You found it on level 9 of the Dungeon)

   It protects you from poison.
   It lets you go berserk.
Magical devices
 e - a wand of frost (2)
 p - a wand of random effects (13) {unknown}
 C - a wand of lightning (1)
 D - a wand of slowing (15)
 L - a wand of digging (10) {unknown}
 R - a wand of slowing (13)
 S - a wand of polymorph (12) {unknown}
Comestibles
 d - 8 bread rations
 g - 6 meat rations
 G - 2 beef jerkies
 W - 4 fruits
Scrolls
 i - 2 scrolls of enchant armour
 l - 2 scrolls of recharging {unknown}
 o - a scroll of noise {unknown}
 q - 6 scrolls of remove curse
 s - 4 scrolls of teleportation {unknown}
 u - a scroll of random uselessness {unknown}
 v - 2 scrolls of silence
 w - 4 scrolls of blinking {unknown}
 y - 2 scrolls of immolation {unknown}
 A - 2 scrolls of amnesia {unknown}
 B - 3 scrolls of fog {unknown}
 I - a scroll of magic mapping {unknown}
 M - a scroll of brand weapon {unknown}
 O - 3 scrolls of fear {unknown}
Jewellery
 f - a ring of magical power (left hand)
 T - a ring of sustain abilities (right hand)
Potions
 b - a potion of cancellation
 j - 4 potions of curing
 k - a potion of brilliance
 m - a potion of invisibility
 n - a potion of mutation {unknown}
 t - a potion of restore abilities {unknown}
 x - a potion of flight {unknown}
 E - a potion of resistance
 F - 2 potions of berserk rage {unknown}
 K - 3 potions of confusion {unknown}
 N - a potion of might
 X - a potion of agility {unknown}
Books
 r - a book of Callings

   Spells                             Type                      Level
   Summon Small Mammal                Summoning                    1
   Call Imp                           Summoning                    2
   Call Canine Familiar               Summoning                    3
   Summon Guardian Golem              Hexes/Summoning              4
   Summon Lightning Spire             Summoning/Air                4
   Summon Ice Beast                   Ice/Summoning                4
 H - a book of Wizardry

   Spells                             Type                      Level
   Agony                              Necromancy                   5
   Force Lance                        Conjuration                  5
   Dispersal                          Translocation                6
   Haste                              Charms                       6
   Invisibility                       Hexes                        6
   Spellforged Servitor               Conjuration/Summoning        7


   Skills:
 * Level 9.7(14.7) Fighting
 * Level 9.4(14.4) Axes
 + Level 6.4(11.4) Armour
 + Level 3.9(8.9) Dodging
 + Level 8.3(13.3) Shields
 * Level 5.8 Invocations


You had 10 spell levels left.
You didn't know any spells.

Dungeon Overview and Level Annotations

Branches:
Dungeon (11/15)            Temple (1/1) D:4            Lair (0/8) D:8
    Orc: D:9-12

Altars:
Ashenzari
Cheibriados
Dithmenos
Elyvilon
Fedhas
Gozag
Kikubaaqudgha
Makhleb
Nemelex Xobeh
Okawaru
Qazlal
Ru
Sif Muna
Trog
Vehumet
Xom
Yredelemnul
Zin
The Shining One

Shops:
D:5 *   D:9 (


Innate Abilities, Weirdness & Mutations

You are resistant to torment.
You are immune to poison.
Your stone body is very resilient (AC +7).
You resist negative energy.
You are resistant to electric shocks.
You can survive without breathing.
You are immune to petrification.
You are immune to rotting.


Message History

The five-headed hydra bites you but does no damage.
The five-headed hydra misses you.
Unknown command.
You hit the five-headed hydra. You burn the five-headed hydra.
The five-headed hydra is severely wounded.
Your scale mail of Dim Light prevents you from hitting the five-headed hydra.
The five-headed hydra is severely wounded.
You block the five-headed hydra's attack. x2
The five-headed hydra bites you but does no damage.
The five-headed hydra barely misses you.
You block the five-headed hydra's attack.
Unknown command.
You hit the five-headed hydra. You burn the five-headed hydra.
The five-headed hydra is severely wounded.
Unknown command.
You hit the five-headed hydra. You burn the five-headed hydra.
The five-headed hydra is almost dead.
You block the five-headed hydra's attack. x2
The five-headed hydra misses you. The five-headed hydra bites you!
You die...

#.#..###
#.#....#
###[#....##
..........
#.....$.
#......
#.....#
#..#.<##
#.....@#
......##D#
...... #..
..#.. ###.
#.# .. #.
##


You could see a five-headed hydra.

Vanquished Creatures
  Erolcha (D:8)
  Pikel (D:7)
  A fire drake (D:8)
  A merfolk (D:9)
  The ghost of xcesad the Sneak, an average DsAs (D:4)
  A hill giant zombie (D:10)
  2 hippogriffs
  6 yaks
  A hungry ghost (D:8)
  Edmund (D:7)
  A water moccasin (D:7)
  4 ogres
  5 orc warriors
  3 sky beasts
  A necrophage (D:7)
  2 ice beasts
  The ghost of Bloax the Ruffian, an average MiTm (D:5)
  5 centaurs
  A phantom (D:8)
  A black bear (D:8)
  2 big kobolds
  Duvessa (D:7)
  2 giant frogs
  A wyvern skeleton (D:6)
  2 scorpions (D:10)
  7 killer bees (D:7)
  2 goliath beetles
  4 jellies
  Dowan (D:7)
  16 wights
  3 crimson imps
  Crazy Yiuf (D:4)
  A centaur zombie (D:9)
  11 orc priests
  3 hounds
  2 iguanas
  A centaur skeleton (D:6)
  11 orc wizards
  3 worker ants
  Ijyb (D:3)
  A hound zombie (D:6)
  14 adders
  2 shadow imps
  6 worms
  An iguana zombie (D:9)
  An orc zombie (D:5)
  2 orc skeletons
  5 giant geckos
  2 oozes
  26 orcs
  3 ball pythons
  20 bats
  A bat skeleton (D:4)
  A bat zombie (D:5)
  8 giant cockroaches
  A giant mite zombie (D:6)
  11 goblins
  23 hobgoblins
  12 jackals
  29 kobolds
  6 quokkas
  5 giant newts
  A giant spore (D:7)
  A kobold skeleton (D:4)
  12 rats
  A rat skeleton (D:5)
  A ballistomycete (D:7)
  A bush (D:2)
312 creatures vanquished.

Vanquished Creatures (others)
  A sky beast (D:7)
  A slave (D:7)
  A giant gecko (D:8)
  A bat (D:7)
4 creatures vanquished.

Grand Total: 316 creatures vanquished

Notes
Turn   | Place    | Note
--------------------------------------------------------------
     0 | D:1      | Herrn, the Gargoyle Fighter, began the quest for the Orb.
     0 | D:1      | Reached XP level 1. HP: 14/14 MP: 1/1
   185 | D:1      | Reached XP level 2. HP: 9/19 MP: 2/2
   539 | D:1      | Reached XP level 3. HP: 21/24 MP: 3/3
  1103 | D:2      | Reached XP level 4. HP: 21/29 MP: 4/4
  1277 | D:2      | Found a snail-covered altar of Cheibriados.
  1378 | D:2      | Found a bloodstained altar of Trog.
  1386 | D:2      | Found a shadowy altar of Dithmenos.
  1716 | D:2      | Found a white marble altar of Elyvilon.
  1779 | D:3      | Reached skill level 4 in Fighting
  2044 | D:3      | Found a shattered altar of Ashenzari.
  2154 | D:3      | Found a basalt altar of Yredelemnul.
  2157 | D:3      | Found a glowing golden altar of the Shining One.
  2161 | D:3      | Found a deep blue altar of Sif Muna.
  2240 | D:3      | Noticed Ijyb
  2241 | D:3      | Found a radiant altar of Vehumet.
  2255 | D:3      | Killed Ijyb
  2277 | D:3      | Reached XP level 5. HP: 31/34 MP: 5/5
  2563 | D:3      | Noticed a centaur
  2574 | D:3      | Killed a centaur
  2574 | D:3      | Reached skill level 1 in Dodging
  2996 | D:4      | Found an opulent altar of Gozag.
  3046 | D:4      | Got a colourful robe
  3058 | D:4      | Found a staircase to the Ecumenical Temple.
  3080 | Temple   | Entered the Ecumenical Temple
  3233 | Temple   | Became a worshipper of Warmaster Okawaru
  3300 | D:4      | Reached XP level 6. HP: 39/39 MP: 6/6
  3432 | D:4      | Noticed xcesad's ghost (average DsAs)
  3441 | D:4      | Killed xcesad's ghost
  3441 | D:4      | Acquired Okawaru's first power
  3441 | D:4      | Reached skill level 5 in Fighting
  3874 | D:4      | Noticed Crazy Yiuf
  3881 | D:4      | Killed Crazy Yiuf
  3905 | D:4      | Identified the +2 robe of Refuge {rF+} (You found it on level 4 of the Dungeon)
  3936 | D:5      | Entered Level 5 of the Dungeon
  4233 | D:4      | Reached XP level 7. HP: 29/44 MP: 7/7
  4741 | D:5      | Reached skill level 1 in Invocations
  4817 | D:5      | Got a bronze leather armour
  4825 | D:5      | Noticed Bloax's ghost (average MiTm)
  4840 | D:4      | Identified the +1 leather armour "Panogoil" {Stlth---} (You found it on level 5 of the Dungeon)
  4864 | D:5      | Killed Bloax's ghost
  4872 | D:5      | Found Hyleg's General Store.
  5806 | D:5      | Reached skill level 5 in Shields
  5806 | D:5      | Reached XP level 8. HP: 48/51 MP: 10/10
  6075 | D:5      | Reached skill level 5 in Axes
  6188 | D:6      | Reached skill level 6 in Fighting
  7092 | D:6      | Found a snail-covered altar of Cheibriados.
  7205 | D:7      | Reached XP level 9. HP: 50/56 MP: 13/13
  7214 | D:7      | Reached skill level 7 in Fighting
  7244 | D:7      | Noticed Edmund
  7272 | D:7      | Killed Edmund
  7272 | D:7      | Reached skill level 5 in Armour
  7592 | D:7      | Noticed Pikel
  7637 | D:7      | Killed Pikel
  7925 | D:7      | Reached skill level 8 in Fighting
  8108 | D:7      | Noticed Duvessa
  8108 | D:7      | Noticed Dowan
  8114 | D:7      | Killed Duvessa
  8117 | D:7      | Killed Dowan
  8117 | D:7      | Reached XP level 10. HP: 64/64 MP: 17/17
  8562 | D:8      | Found a staircase to the Lair.
  8810 | D:8      | Noticed Erolcha
  8831 | D:8      | Killed Erolcha
  9878 | D:9      | Reached skill level 9 in Fighting
  9929 | D:9      | Reached skill level 5 in Invocations
  9951 | D:9      | Found an ancient bone altar of Kikubaaqudgha.
 10097 | D:9      | Got a faintly humming scale mail
 10108 | D:9      | Identified the +3 scale mail of Dim Light {+Rage rPois} (You found it on level 9 of the Dungeon)
 10143 | D:9      | Found Ofuatui's Antique Weapon Shoppe.
 10810 | D:10     | Entered Level 10 of the Dungeon
 10838 | D:10     | Reached XP level 11. HP: 51/71 MP: 20/20
 11051 | D:10     | Got a bloodstained long sword
 11052 | D:10     | Identified the +8 long sword of Bodily Harmony {slice, SInv} (You found it on level 10 of the Dungeon)
 12075 | D:11     | Noticed a five-headed hydra
 12114 | D:11     | HP: 3/72 [five-headed hydra (8)]
 12118 | D:11     | Mangled by a five-headed hydra

Action                   |  1- 3 |  4- 6 |  7- 9 | 10-12 || total
-------------------------+-------+-------+-------+-------++-------
Melee: War axe           |   151 |   251 |   503 |   546 ||  1451
       Hand axe          |       |       |       |    21 ||    21
       Whip              |       |       |       |    31 ||    31
Invok: Heroism           |       |     2 |    11 |    11 ||    24
Evoke: Wand              |       |       |     3 |       ||     3
  Use: Potion            |       |     1 |       |     1 ||     2
       Scroll            |       |       |     4 |     5 ||     9
 Stab: Sleeping          |       |       |     1 |       ||     1
  Eat: Chunk             |     1 |     7 |    13 |    15 ||    36
       Beef jerky        |       |     1 |     1 |       ||     2
       Royal jelly       |       |       |       |     1 ||     1
